 Dungeon Crawl Stone Soup version 0.29.1-12-g30fa7ad0bf (webtiles) character file.

Game seed: 7964864991291055739

128 wormed the Cudgeller (level 4, -5/38 HPs)
             Began as a Minotaur Gladiator on Dec 22, 2022.
             Slain by Grinder (9 damage)
             ... on level 2 of the Dungeon.
             The game lasted 00:04:29 (2765 turns).

wormed the Cudgeller (Minotaur Gladiator)           Turns: 2765, Time: 00:04:29

Health: -5/38      AC:  4    Str: 20    XL:     4   Next: 86%
Magic:  3/3        EV: 12    Int:  5    God:
Gold:   80         SH:  0    Dex: 12    Spells: 3/3 levels left

rFire   . . .      SeeInvis .   a - +0 flail
rCold   . . .      Faith    .   (no shield)
rNeg    . . .      Spirit   .   b - +0 leather armour
rPois   .          Reflect  .   c - +0 hat
rElec   .          Harm     .   (no cloak)
rCorr   .          Rampage  .   s - +0 pair of gloves
Will    +....                   (no boots)
Stlth   +.........              h - amulet of the acrobat
HPRegen 0.12/turn               i - ring of willpower
MPRegen 0.08/turn               o - ring of willpower

@: about to teleport, weak-willed
A: horns 2, retaliatory headbutt
a: no special abilities


You were on level 2 of the Dungeon.
You visited 1 branch of the dungeon, and saw 3 of its levels.

You collected 120 gold pieces.
You spent 40 gold pieces at shops.

Inventory:

Hand Weapons
 a - a +0 flail (weapon)
Missiles
 d - 3 throwing nets
 e - a javelin (quivered)
Armour
 b - a +0 leather armour (worn)
 c - a +0 hat (worn)
 s - a +0 pair of gloves (worn)
Jewellery
 h - an amulet of the acrobat (around neck)
 i - a ring of willpower (left hand)
 m - an amulet of reflection
 o - a ring of willpower (right hand)
 p - an amulet of magic regeneration
Scrolls
 f - 2 scrolls of vulnerability
 k - 2 scrolls of immolation {unknown}
 l - a scroll of poison {unknown}
 n - a scroll of teleportation
 r - a scroll of identify
 u - a scroll of butterflies {unknown}
Potions
 g - 4 potions of mutation
 j - 2 potions of curing
 q - a potion of berserk rage {unknown}
 t - a potion of heal wounds {unknown}


   Skills:
 + Level 3.2 Fighting
 * Level 5.0 Maces & Flails
 - Level 2.0 Throwing
 + Level 1.9 Armour
 + Level 3.9 Dodging
 + Level 1.9 Shields


You had 3 spell levels left.
You didn't know any spells.
Your spell library contained the following spells:

 Spells                   Type           Power      Damage    Failure   Level
 Beastly Appendage        Tmut           0%         N/A       52%         1
 Summon Small Mammal      Summ           0%         N/A       52%         1
 Call Imp                 Summ           0%         N/A       67%         2
 Wereblood                Tmut           0%         N/A       67%         2
 Ignite Poison            Fire/Tmut/Pois 0%         N/A       88%         3
 Mephitic Cloud           Conj/Pois/Air  0%         N/A       88%         3
 Spider Form              Tmut/Pois      0%         N/A       88%         3
 Freezing Cloud           Conj/Ice/Air   0%         6-21      100%        5
 Summon Hydra             Summ           0%         N/A       100%        7


Dungeon Overview and Level Annotations

Branches:
Dungeon (3/15)

Altars:

Shops:
D:1 [**?

Annotations:
D:2 Grinder
D:3 Sigmund


Innate Abilities, Weirdness & Mutations

You have a pair of horns on your head.
You reflexively headbutt those who attack you in melee.


Message History

You see here a bat corpse.
Sigmund closely misses you.
You climb upwards.
There is a stone staircase leading down here.
You start resting.
HP restored.
You see here a +0 dagger.
You see here 2 poisoned darts.
There is a stone staircase leading up here.
There is a stone staircase leading down here.
You climb downwards.
Level annotation: Sigmund Grinder shouts!
Grinder zaps a wand.
The puff of flame hits you!
There is a stone staircase leading up here.
You hit the frilled lizard.
The frilled lizard is heavily wounded.
The frilled lizard misses you.
You hit the frilled lizard.
You kill the frilled lizard!
Grinder zaps a wand.
The puff of flame hits you! Grinder hits you!
* * * LOW HITPOINT WARNING * * *
You see here a frilled lizard corpse.
Grinder attacks as you move away! Grinder completely misses you.
There is a stone staircase leading up here.
Grinder completely misses you.
You climb upwards.
There is a stone staircase leading down here.
You feel better. Grinder gestures at you. You resist with almost no effort.
As you read the scroll labelled KUSEBIOTUO, it crumbles to dust.
Magic quickly surges around you.
It was a scroll of vulnerability.
Grinder zaps a wand.
The puff of flame hits you!
* * * LOW HITPOINT WARNING * * *
As you read the scroll labelled LECZYZAUNNI, it crumbles to dust.
You feel strangely unstable.
It was a scroll of teleportation.
Grinder hits you!
You die...

# ##
.##################
................@.#
.################5#
##### ##.## #.#
....# ##...####.#
###.# #......##.#
#.# ##...#.##.#
######## #.#
##.##.##.# #.......
#.# #.##.##.#
#.######
#.#######.##.##.#
#.# ###


You could see Grinder (weak-willed).

Vanquished Creatures
  A hound (D:2)
  Terence (D:3)
  2 adders
  2 worms
  2 dart slugs (D:1)
  9 endoplasms
  2 giant cockroaches (D:2)
  4 goblins
  4 hobgoblins
  3 ball pythons
  4 bats
  6 frilled lizards
  4 kobolds
  A rat (D:1)
45 creatures vanquished.

Vanquished Creatures (others)
  3 withered plants (D:3)
3 creatures vanquished.

Grand Total: 48 creatures vanquished

Notes
Turn   | Place    | Note
-------+----------+-------------------------------------------
     0 | D:1      | wormed the Minotaur Gladiator began the quest for the Orb.
     0 | D:1      | Reached XP level 1. HP: 18/18 MP: 0/0
   241 | D:1      | Found Vemikh's Armour Emporium.
   258 | D:1      | Found Enwitzij's Assorted Antiques.
   393 | D:1      | Found Lienejer's General Store.
   591 | D:1      | Reached skill level 4 in Maces & Flails
   591 | D:1      | Reached XP level 2. HP: 25/25 MP: 1/1
   782 | D:1      | Reached skill level 1 in Shields
   946 | D:1      | Found Puoskena's Magic Scroll Boutique.
   955 | D:1      | Bought a scroll of identify for 20 gold pieces
   955 | D:1      | Bought a scroll of identify for 20 gold pieces
  1143 | D:2      | Got the Lectures on Allies
  1163 | D:2      | Reached skill level 1 in Armour
  1163 | D:2      | Reached XP level 3. HP: 28/30 MP: 2/2
  1487 | D:2      | Reached XP level 4. HP: 33/37 MP: 3/3
  1806 | D:2      | You fall into a shaft and drop 1 floor!
  2292 | D:3      | Noticed Terence
  2294 | D:3      | Noticed Sigmund
  2564 | D:3      | Killed Terence
  2565 | D:3      | Reached skill level 5 in Maces & Flails
  2756 | D:3      | Noticed Grinder
  2765 | D:2      | Slain by Grinder

Illustrated notes

Levels and vault maps discovered:
D:1:      psy_arrival_whirlpool, layout_basic, serial_shops,
          nicolae_lakefront_shop, nicolae_square_shop, shop,
          nicolae_shop_behind_doors, serial_park_tiny_pond
D:2:      layout_loops_ring, minmay_split_cup_large
D:3:      layout_loops_ring, dilly_guarded_unrand_morg, uniq_sigmund,
          uniq_terence, uniq_grinder

Skill      XL: |  1  2  3  4 |
---------------+-------------+-----
Maces & Flails | 4 5 |  5.0
Shields        | 1 |  1.9
Armour         | 1 |  1.9
Fighting       | 3 |  3.2
Throwing       | |  2.0
Dodging        | |  3.9

Action                   |  1- 3 |  4- 6 || total
-------------------------+-------+-------++-------
Melee: Flail             |    46 |    43 ||    89
       Headbutt          |     8 |     6 ||    14
  Use: Scroll            |     2 |     2 ||     4
       Potion            |       |     1 ||     1
 Stab: Sleeping          |     1 |       ||     1
Armor: Leather armour    |     8 |     7 ||    15
Dodge: Dodged            |    26 |    40 ||    66
